Map: Bel'Shir Vestige LE (Void)

Players

Musumeci - Winner!

  • Race: Zerg Zerg
  • League: Diamond
  • Spawn Location: 11:00

bLaZe

  • Race: Terran Terran
  • League: Diamond
  • Spawn Location: 5:00

VOD

Have the link to the VOD?

Description

Time

  • Played on: Feb. 15, 2017, 7:13 a.m.
  • Length: 17:29
Show
View Real Time Build Order
Export as new Build Order

Musumeci Zerg - Winner!

Build Orders: Hatch First 

Get SALT Encoding   

  12  0:03  Drone  
  13  0:08  Drone  
  14  0:19  Drone, Extractor  
  15  0:47  Hatchery  
  14  0:51  Drone, Extractor  
  15  1:00  Spawning Pool  
  14  1:21  Extractor x2  
  14  1:22  Drone x2  
  16  1:37  Overlord  
  16  1:48  Extractor  
  15  1:55  Queen  
  15  1:56  Drone x3  
  15  1:58  Queen  
  23  2:07  Drone x2  
  25  2:09  Overlord  
  25  2:17  Drone  
  25  2:33  Queen  
  25  2:35  Overlord  
  25  2:36  Queen  
  27  2:41  Drone x2  
  27  2:43  Drone  
  32  3:19  Drone x11  
  43  3:22  Extractor  
  42  3:27  Extractor, Roach Warren  
  39  3:59  Drone x4  
  39  4:00  Drone x2  
  44  4:08  Evolution Chamber x2  
  42  4:19  Hatchery  
  41  4:25  Roach  
  41  4:27  Overlord x3  
  41  4:28  Overlord  
  43  4:41  Lair  
  43  4:42  Drone  
  44  4:47  Roach x3  
  44  4:52  Roach  
  52  4:54  Extractor  
  52  4:57  Drone x3, Extractor  
  53  5:13  Zerg Missile Weapons Level 1  
  53  5:16  Drone x3  
  53  5:17  Drone x3  
  59  5:28  Zerg Ground Armor Level 1  
  59  5:32  Drone x2  
  51  6:15  Drone x2  
  51  6:16  Drone x7  
  51  6:17  Drone x2  
  62  6:28  Drone  
  62  6:29  Drone x3  
  62  6:31  Drone x3  
  69  6:48  Glial Reconstitution  
  69  6:58  Roach  
  69  6:59  Roach  
  69  7:00  Extractor  
  72  7:06  Roach  
  74  7:15  Spore Crawler x2  
  73  7:16  Spore Crawler  
  73  7:18  Overlord, Spore Crawler  
  70  7:26  Ravager x2  
  70  7:27  Ravager x2  
  74  7:45  Zerg Missile Weapons Level 2, Zerg Ground Armor Level 2  
  74  7:49  Roach x4  
  82  7:52  Overlord x7  
  82  7:54  Overlord  
  82  8:01  Extractor  
  79  8:19  Queen  
  78  8:25  Drone x7  
  78  8:26  Drone x12  
  97  8:53  Extractor  
  97  8:54  Hatchery, Roach x2, Queen  
  97  8:55  Roach x7  
  115  8:57  Extractor  
  115  9:01  Drone  
  115  9:03  Drone  
  115  9:04  Drone  
  115  9:06  Drone  
  115  9:07  Drone x2  
  120  9:14  Ravager x8  
  128  9:27  Ravager  
  128  9:28  Ravager x6  
  135  9:32  Queen  
  137  9:42  Queen x2  
  129  9:47  Roach x4  
  129  9:48  Roach x9  
  137  9:57  Ravager  
  118  10:08  Queen  
  118  10:09  Ravager x4  
  118  10:10  Ravager  
  125  10:15  Ravager  
  125  10:16  Ravager x3  
  125  10:21  Roach x4  
  117  10:39  Roach x6  
  117  10:40  Roach x6  
  138  10:54  Hatchery  
  137  11:22  Ravager  
  138  11:26  Overlord  
  138  11:27  Overlord x5  
  138  11:32  Infestation Pit  
  137  11:49  Drone x3  
  137  11:50  Drone x2  
  137  11:51  Drone  
  137  11:52  Roach  
  137  11:53  Roach x6  
  157  11:56  Hatchery  
  156  12:04  Extractor  
  156  12:05  Extractor  
  156  12:06  Ravager  
  156  12:07  Hatchery, Ravager x14  
  168  12:09  Hatchery  
  167  12:29  Roach  
  183  12:30  Roach x11  
  171  13:07  Ravager x6  
  171  13:08  Ravager  
  168  13:24  Roach x12  
  168  13:25  Roach x4  
  140  13:48  Ravager x6  
  140  13:49  Ravager x3  
  140  13:53  Drone x3  
  140  13:54  Drone x3  
  148  14:15  Ravager x6  
  148  14:16  Roach, Ravager  
  148  14:17  Roach x14  
  151  14:40  Roach x12  
  151  14:41  Roach x3  
  173  14:56  Roach x5  
  173  14:57  Roach x13  
  162  15:12  Ravager x2  
  162  15:13  Ravager x9  
  165  15:20  Hive  
  165  15:26  Ravager x3  
  168  15:31  Extractor  
  168  15:32  Extractor x2  
  168  15:35  Extractor  
  158  15:51  Hatchery  
  157  15:57  Drone x2  
  157  15:58  Drone  
  157  15:59  Drone x3  
  157  16:01  Roach x6  
  157  16:02  Roach x2  
  179  16:05  Ravager x5  
  160  16:22  Extractor  
  150  16:39  Roach x3  
  170  16:40  Roach x11  
  170  16:42  Ravager x2  
  170  16:43  Ravager  
  170  16:44  Ravager  
  180  16:51  Ravager  
  180  16:52  Ravager x9  
  190  16:59  Roach  
Show
View Real Time Build Order
Export as new Build Order

bLaZe Terran 

Build Orders: Mech 

Get SALT Encoding   

  12  0:00  SCV  
  13  0:13  SCV  
  14  0:20  Supply Depot  
  14  0:25  SCV  
  15  0:29  Refinery  
  15  0:41  SCV  
  16  0:45  Barracks  
  16  0:54  SCV  
  17  1:06  SCV  
  17  1:08  Refinery  
  18  1:18  SCV  
  19  1:31  Orbital Command  
  19  1:39  Factory  
  19  1:50  Barracks Reactor  
  19  1:58  SCV  
  20  2:10  SCV  
  20  2:14  Command Center  
  21  2:22  SCV  
  22  2:24  Supply Depot  
  22  2:35  SCV  
  23  2:41  Supply Depot  
  23  2:47  Hellion x2  
  27  2:55  SCV  
  28  3:04  Starport  
  28  3:07  SCV  
  28  3:08  Hellion  
  31  3:14  Hellion  
  33  3:22  Factory  
  33  3:24  SCV  
  34  3:32  Hellion  
  34  3:48  Marine  
  33  4:02  Orbital Command  
  31  4:05  Hellion  
  31  4:06  Hellion, Medivac, Marine  
  31  4:07  Factory Tech Lab  
  38  4:14  SCV  
  38  4:16  Engineering Bay  
  39  4:30  Siege Tank  
  42  4:35  SCV  
  42  4:37  SCV  
  44  4:39  Factory Tech Lab  
  44  4:42  Viking  
  46  4:47  SCV  
  46  4:49  Supply Depot  
  47  4:52  Supply Depot  
  47  5:02  Siege Tank  
  50  5:14  Siege Tank  
  50  5:17  Supply Depot  
  50  5:19  Supply Depot  
  53  5:27  SCV  
  54  5:29  Armory  
  54  5:30  Missile Turret  
  54  5:35  Siege Tank  
  53  5:58  Siege Tank  
  57  6:04  SCV  
  57  6:05  SCV  
  57  6:06  Refinery  
  57  6:07  Refinery, Siege Tank  
  57  6:16  SCV  
  57  6:17  SCV  
  59  6:18  Terran Vehicle Weapons Level 1  
  59  6:22  Starport Tech Lab, Supply Depot  
  59  6:26  Supply Depot  
  59  6:28  SCV, Missile Turret  
  59  6:29  SCV  
  61  6:33  Command Center  
  61  6:40  SCV  
  61  6:41  Missile Turret, SCV, Liberator  
  63  6:51  Supply Depot  
  63  6:52  Thor  
  72  7:22  Factory  
  72  7:23  Hellion x2  
  72  7:25  SCV  
  72  7:26  Missile Turret, SCV  
  78  7:35  Thor  
  84  7:37  Infernal Pre-Igniter  
  84  7:38  SCV  
  84  7:39  SCV  
  86  7:44  Hellion x2  
  86  7:47  Supply Depot  
  86  7:51  SCV  
  91  7:52  Supply Depot  
  91  7:53  Orbital Command  
  91  7:54  SCV  
  92  8:03  SCV  
  93  8:06  Hellion x2  
  97  8:23  Cyclone x2  
  103  8:27  Cyclone  
  103  8:28  Terran Vehicle And Ship Armor Level 1  
  103  8:30  SCV, Armory  
  104  8:42  SCV x2  
  104  8:48  Missile Turret  
  106  8:53  Raven  
  108  9:08  Siege Tank x2  
  108  9:09  Hellion x2  
  118  9:30  Hellion x2  
  122  9:41  Hellion x2  
  119  9:51  Orbital Command  
  105  10:18  SCV  
  105  10:20  Factory  
  103  10:30  SCV, Siege Tank  
  103  10:31  Hellion, Siege Tank  
  103  10:32  Hellion  
  103  10:34  Hellion  
  84  10:44  Terran Vehicle Weapons Level 2, Terran Vehicle And Ship Armor Level 2  
  84  10:47  Factory  
  84  10:53  Hellion x2  
  88  10:59  SCV  
  88  11:01  Refinery  
  88  11:02  Refinery  
  88  11:03  Siege Tank x2  
  96  11:04  SCV x2  
  96  11:06  Factory Tech Lab, Factory  
  97  11:12  SCV  
  97  11:14  Hellion x2  
  97  11:16  SCV x2  
  104  11:24  Missile Turret, SCV  
  105  11:28  SCV  
  105  11:31  Supply Depot x2  
  106  11:35  Hellion, Siege Tank  
  106  11:36  SCV  
  106  11:39  Thor  
  118  11:40  Hellion x2  
  124  11:48  SCV  
  125  11:55  Factory Tech Lab, Hellion x11  
  125  11:57  Factory, Hellion x4  
  125  11:58  Raven  
  125  12:00  SCV  
  128  12:01  Hellion  
  128  12:02  Factory Tech Lab, Hellion  
  128  12:03  Command Center  
  128  12:04  Supply Depot  
  132  12:08  Siege Tank  
  132  12:12  SCV  
  136  12:18  Siege Tank  
  136  12:21  Cyclone x2  
  136  12:22  Hellion  
  147  12:23  Hellion x2  
  147  12:28  Supply Depot  
  147  12:29  Supply Depot  
  151  12:40  Starport  
  151  12:41  Supply Depot  
  151  12:45  Factory Tech Lab  
  151  12:49  Starport Reactor  
  151  12:54  Siege Tank x2  
  151  13:07  Thor  
  132  13:28  Siege Tank x3  
  132  13:30  Cyclone  
  142  13:50  Cyclone x2  
  142  14:18  Cyclone x3  
  142  14:19  Siege Tank  
  142  14:35  Cyclone  
  130  14:55  Cyclone  
  130  14:56  Cyclone x2  
  113  15:01  Hellion x3  
  113  15:04  Liberator  
  108  15:10  Hellion x2  
  109  15:22  Hellion x2  
  113  15:43  Siege Tank x2  
  113  15:44  Siege Tank  
  107  16:03  Siege Tank  
  81  16:24  Siege Tank x2  
  72  16:29  Siege Tank  
  71  16:54  Siege Tank x2  
Tags
 
Composition
Mech
Matchup
TvZ
Replay Pack
replay pack
Spawn Locations
Cross Positions
Add a new tag
Caveats
  • Supply blocks, unpowered buildings, or Contaminate may cause inaccurate times.
  • Supply counts are checked every 10 seconds.